[Event "Titled Tuesday Blitz May 11 2021"]
[White "Ambrogi, Agustin"]
[Black "Krivonosov, Oleg"]
[WhiteFideId "170933"]
[BlackFideId "11600349"]
[WhiteElo "2214"]
[BlackElo "2469"]
[Result "0-1"]
[Round "01"]
[TimeControl "180+1"]
[Date "2021.05.11"]
[WhiteClock "0:00:03"]
[BlackClock "0:00:23"]

1. d4 d5 2. e3 Nf6 3. Bd3 g6 4. Nf3 Bg7 5. O-O O-O 6. Re1 c5 7. c3 Nbd7 8. Nbd2 b6 9. Qe2 Bb7 10. a3 Qc7 11. Bb5 e5 12. dxe5 Nxe5 13. Nxe5 Qxe5 14. Nf3 Qe7 15. Bd2 Ne4 16. Rad1 Rad8 17. Bc1 h6 18. Ba6 Kh7 19. Bxb7 Qxb7 20. Nd2 f5 21. Nxe4 dxe4 22. Rxd8 Rxd8 23. Rd1 Qe7 24. c4 Rd6 25. Rd5 Rxd5 26. cxd5 Qd6 27. Qd1 b5 28. b3 Bc3 29. f4 a5 30. a4 b4 31. Kf2 h5 32. Ke2 Qa6+ 33. Kf2 Qd3 34. Qxd3 exd3 35. d6 Kg8 36. d7 Bf6 37. e4 fxe4 38. Be3 c4 39. bxc4 b3 40. Bc1 Bd4+ 41. Ke1 Bb6 42. Bb2 Kf7 43. c5 Bd8 44. c6 Ke6 45. Kd2 Kd5 46. Bf6 Bb6 47. d8=Q+ Bxd8 48. Bxd8 Kxc6 49. Bf6 Kd5 50. Ke3 Kc4 51. Bb2 Kd5 52. g3 Ke6 53. h3 Kf5 54. Bc3 g5 55. fxg5 Kxg5 56. g4 hxg4 57. hxg4 Kxg4 58. Bb2 Kf5 59. Bc3 Ke6 60. Bb2 Kd5 61. Bc3 Kc4 62. Bb2 Kb4 63. Kd2 Kc4 64. Ke3 Kb4 65. Kd2 Kxa4 66. Kc3 Kb5 67. Kxb3 e3 68. Kc3 e2 69. Kd2 Kc4 70. Ba3 a4 0-1


[Site "https://www.chess.com"]

[Event "Titled Tuesday Blitz May 11 2021"]
[White "Antolak, Julia"]
[Black "Lomasov, Semyon"]
[WhiteFideId "1159569"]
[BlackFideId "24164879"]
[WhiteElo "2042"]
[BlackElo "2445"]
[Result "0-1"]
[Round "01"]
[TimeControl "180+1"]
[Date "2021.05.11"]
[WhiteClock "0:01:03"]
[BlackClock "0:01:01"]

1. e4 e6 2. d4 d5 3. Nd2 h6 4. Ngf3 Nf6 5. e5 Nfd7 6. Bd3 c5 7. c3 Nc6 8. O-O g5 9. dxc5 Bxc5 10. Nb3 Bb6 11. Qe2 Bc7 12. Nfd4 Ndxe5 13. f4 Nxd3 14. Qxd3 Nxd4 15. cxd4 Bd7 16. fxg5 hxg5 17. h3 Qe7 18. Nc5 O-O-O 19. Be3 g4 20. Bf4 gxh3 21. g3 e5 22. Nxd7 exf4 23. Nc5 fxg3 24. Rae1 h2+ 25. Kg2 Qh4 26. Qf5+ Kb8 27. Re7 h1=Q+ 0-1


[Site "https://www.chess.com"]

[Event "Titled Tuesday Blitz May 11 2021"]
[White "Artemiev, Vladislav"]
[Black "Tsyhanchuk_Stanislav"]
[WhiteFideId "24101605"]
[WhiteElo "2783"]
[BlackElo "2475"]
[Result "1-0"]
[Round "01"]
[TimeControl "180+1"]
[Date "2021.05.11"]
[WhiteClock "0:01:21"]
[BlackClock "0:00:02"]

1. Nf3 c5 2. b3 Nf6 3. Bb2 g6 4. c4 Bg7 5. g3 b6 6. Bg2 Bb7 7. O-O O-O 8. e3 e6 9. d4 cxd4 10. Nxd4 Bxg2 11. Kxg2 d5 12. Nd2 Qc8 13. Rc1 Qb7 14. Kg1 Nbd7 15. Qe2 a6 16. cxd5 Nxd5 17. Nc4 Nc5 18. Rfd1 Rfd8 19. Na5 Qd7 20. Nac6 Rdc8 21. e4 Ne7 22. Nf5 exf5 23. Rxd7 Nxc6 24. Rd6 Ne5 25. exf5 1-0


[Site "https://www.chess.com"]

[Event "Titled Tuesday Blitz May 11 2021"]
[White "Atanasov, Anthony"]
[Black "Pantsulaia, Levan"]
[WhiteFideId "2623897"]
[BlackFideId "13602071"]
[WhiteElo "1889"]
[BlackElo "2530"]
[Result "1-0"]
[Round "01"]
[TimeControl "180+1"]
[Date "2021.05.11"]
[WhiteClock "0:00:08"]
[BlackClock "0:00:03"]

1. d4 Nf6 2. Nf3 c5 3. c3 b6 4. Bf4 Bb7 5. e3 d6 6. Nbd2 Nbd7 7. h3 g6 8. Be2 Bg7 9. a4 a6 10. O-O O-O 11. Bh2 Rc8 12. Re1 Rc7 13. Bf1 Qa8 14. Qc2 Rfc8 15. Qb3 Bd5 16. c4 Bb7 17. d5 Ne8 18. e4 Rb8 19. Qc2 Ne5 20. Nxe5 Bxe5 21. Bxe5 dxe5 22. Qc3 f6 23. f4 exf4 24. e5 Rd8 25. Ne4 Kg7 26. d6 Bxe4 27. dxc7 Nxc7 28. exf6+ exf6 29. Rad1 Rxd1 30. Rxd1 Qc6 31. Qd2 Ne6 32. Qd6 Kh6 33. Qe7 Nd4 34. b4 g5 35. b5 axb5 36. cxb5 Qa8 37. Qxf6+ Bg6 38. h4 gxh4 39. Qxf4+ Kg7 40. Qe5+ Kh6 41. Qf4+ Kg7 42. Qxh4 Qxa4 43. Qe7+ Kh6 44. Qe3+ Kg7 45. Qe5+ Kh6 46. Re1 Qa7 47. Qf4+ Kg7 48. Qg5 Nf5 49. Bd3 Qf7 50. Bxf5 Qxf5 51. Re7+ Kf8 52. Qxf5+ Bxf5 53. Rb7 c4 54. Rxb6 c3 55. Rc6 c2 56. b6 Be4 57. Rxc2 1-0


[Site "https://www.chess.com"]

[Event "Titled Tuesday Blitz May 11 2021"]
[White "Baches Garcia, Guillermo"]
[Black "Urazayev, Arystanbek"]
[WhiteFideId "2209764"]
[BlackFideId "13709810"]
[WhiteElo "2430"]
[BlackElo "2321"]
[Result "1-0"]
[Round "01"]
[TimeControl "180+1"]
[Date "2021.05.11"]
[WhiteClock "0:00:11"]
[BlackClock "0:00:05"]

1. e4 e6 2. d4 d5 3. exd5 exd5 4. Nf3 Nc6 5. Bb5 Bd6 6. c4 dxc4 7. d5 a6 8. Ba4 b5 9. dxc6 bxa4 10. O-O Ne7 11. Qxa4 a5 12. Nbd2 c3 13. Nc4 O-O 14. bxc3 Bc5 15. Rd1 Qe8 16. Nce5 Bd6 17. Nd7 Nxc6 18. Nxf8 Bxf8 19. Re1 Qd7 20. Bf4 Ra6 21. Rad1 Qg4 22. Re8 Bd7 23. h3 Qf5 24. g4 Ne5 25. gxf5 Bxa4 26. Rdd8 Bxe8 27. Nxe5 f6 28. Rxe8 fxe5 29. Bxe5 Kf7 30. Rc8 Bd6 31. Bd4 a4 32. Kg2 Ra5 33. Rd8 Rxf5 34. Rd7+ Ke6 35. Rxg7 h5 36. h4 Kd5 37. Rg5 Ke4 38. Rxf5 Kxf5 39. Kf3 c6 40. Be3 Be7 41. Kg3 Ke4 42. c4 Bd6+ 43. Kg2 Kd3 44. c5 Be7 45. Kf3 Bxh4 46. Kf4 Be7 47. Ke5 a3 48. Ke6 Bf8 49. Kd7 Kc2 50. Kxc6 Kb2 51. Kd5 Kxa2 52. c6 Kb1 53. c7 a2 54. Bd4 Ba3 55. c8=Q Bb2 56. Qf5+ Ka1 57. Bxb2+ Kxb2 58. Qf6+ Kb1 59. Qb6+ Ka1 60. Qc5 h4 61. Ke4 Kb1 62. Kd3 a1=Q 63. Qc2# 1-0


[Site "https://www.chess.com"]

[Event "Titled Tuesday Blitz May 11 2021"]
[White "Banawa, Joel"]
[Black "Arakhamia-Grant, Ketevan"]
[WhiteFideId "2024055"]
[BlackFideId "13600168"]
[WhiteElo "2724"]
[BlackElo "2177"]
[Result "1-0"]
[Round "01"]
[TimeControl "180+1"]
[Date "2021.05.11"]
[WhiteClock "0:00:56"]
[BlackClock "0:00:20"]

1. e4 c5 2. c3 d5 3. exd5 Qxd5 4. d4 Nf6 5. Nf3 e6 6. Na3 Be7 7. Nb5 Qd8 8. dxc5 Bxc5 9. Qxd8+ Kxd8 10. b4 Bb6 11. c4 a6 12. Nd6 Ke7 13. c5 Bc7 14. Bf4 Nd5 15. Bg3 Nc6 16. a3 b6 17. Ng5 f6 18. Nge4 bxc5 19. bxc5 Bd7 20. Bc4 Rhb8 21. O-O Rb2 22. Rfe1 Kf8 23. Rad1 Ba5 24. Rf1 Rab8 25. Bd3 Nd4 26. Nc4 R2b5 27. Bxb8 1-0


[Site "https://www.chess.com"]

[Event "Titled Tuesday Blitz May 11 2021"]
[White "BeanScreen"]
[Black "Berezin, Viktor"]
[BlackFideId "14107872"]
[WhiteElo "2705"]
[BlackElo "2310"]
[Result "0-1"]
[Round "01"]
[TimeControl "180+1"]
[Date "2021.05.11"]
[WhiteClock "0:00:03"]
[BlackClock "0:01:32"]

1. e4 d5 2. exd5 Nf6 3. Bb5+ Nbd7 4. c4 g6 5. Nf3 Bg7 6. d4 O-O 7. Bxd7 Bxd7 8. O-O b5 9. b3 e6 10. dxe6 Bxe6 11. Qd3 Bf5 12. Qd1 c5 13. Bb2 bxc4 14. bxc4 Rb8 15. Bc3 Ne4 16. Re1 Rxb1 17. Qxb1 Nxc3 18. Qb7 cxd4 19. Qxa7 d3 20. Qe3 Ne2+ 21. Rxe2 Bxa1 22. Rd2 Bc3 23. Rd1 Qa5 24. Qh6 Bg7 25. Qh4 Qa4 26. Rd2 Qb4 27. g4 Qb1+ 28. Kg2 Be4 29. Kg3 Qh1 0-1


[Site "https://www.chess.com"]

[Event "Titled Tuesday Blitz May 11 2021"]
[White "Belous, Vladimir"]
[Black "Lehtosaari, Mauri"]
[WhiteFideId "4174003"]
[BlackFideId "501999"]
[WhiteElo "2583"]
[BlackElo "2408"]
[Result "1-0"]
[Round "01"]
[TimeControl "180+1"]
[Date "2021.05.11"]
[WhiteClock "0:01:01"]
[BlackClock "0:00:26"]

1. c4 c6 2. Nf3 d5 3. e3 Nf6 4. d4 Bg4 5. h3 Bh5 6. cxd5 cxd5 7. Nc3 Bxf3 8. Qxf3 e6 9. Bd3 Nc6 10. Bd2 Be7 11. g4 h6 12. h4 g6 13. Rc1 a6 14. Bb1 Rc8 15. h5 g5 16. Qd1 b5 17. f3 Qd6 18. Kf2 Bf8 19. a4 b4 20. Ne2 a5 21. Bd3 Bg7 22. Ba6 Rc7 23. Qc2 1-0


[Site "https://www.chess.com"]

[Event "Titled Tuesday Blitz May 11 2021"]
[White "Bethke, Richard"]
[Black "Abdrlauf, Elham"]
[WhiteFideId "12959243"]
[BlackFideId "1533533"]
[WhiteElo "2434"]
[BlackElo "2326"]
[Result "0-1"]
[Round "01"]
[TimeControl "180+1"]
[Date "2021.05.11"]
[WhiteClock "0:00:08"]
[BlackClock "0:00:08"]

1. e4 c6 2. d4 d5 3. e5 c5 4. dxc5 e6 5. a3 Nd7 6. Nf3 Nxc5 7. b4 Ne4 8. Bb2 a5 9. b5 Bc5 10. Bd4 Qb6 11. Be2 Nh6 12. O-O Nf5 13. Bxc5 Qxc5 14. Nbd2 Nc3 15. Nb3 Nxd1 16. Nxc5 Nc3 17. Bd3 b6 18. Nb3 a4 19. Nbd4 Nxd4 20. Nxd4 Bd7 21. Ne2 Nxe2+ 22. Bxe2 Rc8 23. Bd3 Rc5 24. Rfb1 Ke7 25. Rb4 Ra8 26. f4 Ra5 27. c4 dxc4 28. Bxc4 Bxb5 29. Bxb5 Rcxb5 30. Rab1 Rxb4 31. Rxb4 b5 32. Kf2 Kd7 33. Ke3 Kc6 34. Rd4 Ra7 35. Rd8 Rc7 36. Kd4 Kb6 37. Rb8+ Ka6 38. Ra8+ Kb7 39. Rd8 g6 40. g4 Rc4+ 41. Ke3 Rc3+ 42. Kd4 Rxa3 43. Kc5 Rb3 44. Rd7+ Ka6 45. Rxf7 Rc3+ 46. Kb4 Rc4+ 47. Ka3 Re4 48. Rf6 Ka5 49. Rxe6 Re2 50. Ra6+ Kxa6 51. Kb4 Kb6 52. g5 Re3 53. h4 Rb3# 0-1


[Site "https://www.chess.com"]

[Event "Titled Tuesday Blitz May 11 2021"]
[White "Beulen, Marcel"]
[Black "Gokerkan, Cem Kaan"]
[WhiteFideId "1001450"]
[BlackFideId "6336760"]
[WhiteElo "2381"]
[BlackElo "2361"]
[Result "0-1"]
[Round "01"]
[TimeControl "180+1"]
[Date "2021.05.11"]
[WhiteClock "0:01:17"]
[BlackClock "0:00:46"]

1. e4 c5 2. Nf3 d6 3. Bc4 Nc6 4. O-O Nf6 5. Re1 Bg4 6. h3 Bh5 7. c3 e6 8. Bb3 Be7 9. d3 a6 10. Nbd2 O-O 11. Nf1 d5 12. Ng3 Bxf3 13. Qxf3 Ne5 14. Qe2 dxe4 15. dxe4 Qd3 16. Bc2 Qxe2 17. Nxe2 Rfd8 18. Nf4 c4 19. Be3 g5 20. Ne2 Nd3 21. Bxg5 Nxe1 22. Rxe1 Rd7 23. Nd4 Ne8 24. Be3 Rad8 25. a4 Bf6 26. f4 Be7 27. e5 Nc7 28. Bf2 Bc5 29. g3 b5 30. Kg2 b4 31. Be4 bxc3 32. bxc3 Rb8 33. Nc6 Rb2 34. Rf1 Rdd2 35. Nd4 Bxd4 36. cxd4 c3 37. Kf3 c2 38. Rc1 Nd5 39. Be1 Rd1 0-1


[Site "https://www.chess.com"]

[Event "Titled Tuesday Blitz May 11 2021"]
[White "Calin, Alexandru"]
[Black "Svane, Rasmus"]
[WhiteFideId "1222961"]
[BlackFideId "4657101"]
[WhiteElo "1993"]
[BlackElo "2669"]
[Result "1/2-1/2"]
[Round "01"]
[TimeControl "180+1"]
[Date "2021.05.11"]
[WhiteClock "0:00:11"]
[BlackClock "0:00:03"]

1. d4 d5 2. Nf3 e6 3. c4 Nf6 4. g3 dxc4 5. Bg2 Bb4+ 6. Bd2 a5 7. O-O O-O 8. Qc2 Bxd2 9. Nbxd2 b5 10. a4 c6 11. Ne4 Nd5 12. e3 Nd7 13. Nc3 b4 14. Ne4 Ba6 15. Rfc1 Qb6 16. Nfd2 b3 17. Qd1 Qb4 18. Nc3 N7b6 19. e4 Nxc3 20. bxc3 Qe7 21. Rcb1 Rfd8 22. Qh5 c5 23. Nf3 cxd4 24. Nxd4 Bb7 25. Qb5 Qc7 26. Nxb3 Bc6 27. Qc5 cxb3 28. Rxb3 Nd7 29. Qc4 Ne5 30. Qc5 Qd6 31. Qxd6 Rxd6 32. f4 Nc4 33. e5 Rd5 34. Bxd5 Bxd5 35. Rab1 h5 36. Rb8+ Rxb8 37. Rxb8+ Kh7 38. Kf2 Kg6 39. h3 Kf5 40. Rf8 Kg6 41. Rb8 f6 42. exf6 gxf6 43. g4 h4 44. Rg8+ Kf7 45. Rh8 Kg7 46. Rxh4 Nb6 47. g5 Nxa4 48. gxf6+ Kxf6 49. f5 Nxc3 50. fxe6 Bxe6 51. Ke3 Nb5 52. Ra4 Nd6 53. Kd4 Nb7 54. h4 Kf5 55. Kc3 Bd7 56. Rd4 Be8 57. Rc4 a4 58. Kb4 Nd6 59. Rc5+ Kg4 60. Ra5 Kxh4 61. Rxa4 Bxa4 62. Kxa4 1/2-1/2


[Site "https://www.chess.com"]

[Event "Titled Tuesday Blitz May 11 2021"]
[White "Chernomordik, Pavel"]
[Black "Lovkov, Roman"]
[WhiteFideId "2804530"]
[BlackFideId "4157389"]
[WhiteElo "2299"]
[BlackElo "2387"]
[Result "1-0"]
[Round "01"]
[TimeControl "180+1"]
[Date "2021.05.11"]
[WhiteClock "0:00:16"]
[BlackClock "0:00:01"]

1. e4 c5 2. Nc3 g6 3. f4 Bg7 4. Nf3 Nc6 5. Bb5 Nd4 6. Bc4 e6 7. e5 d5 8. Nxd4 cxd4 9. Bb5+ Kf8 10. Ne2 Qb6 11. Bd3 f6 12. O-O Bd7 13. a4 Ne7 14. a5 Qc5 15. b4 Qc7 16. Nxd4 Kf7 17. b5 Rhc8 18. Ba3 Qxa5 19. Bxe7 Qb6 20. c3 Kxe7 21. Qe2 Kf7 22. Rae1 Re8 23. Kh1 Kg8 24. Qg4 fxe5 25. fxe5 Rf8 26. Nf3 Qd8 27. h4 Qe7 28. h5 Be8 29. hxg6 Bxg6 30. Bxg6 hxg6 31. Qxg6 Qf7 32. Qg4 Qf5 33. Qh4 Qg6 34. d4 Rf5 35. Nh2 Raf8 36. Rxf5 Rxf5 37. g4 Rf4 38. Qg3 Bh6 39. g5 Bxg5 40. Rg1 Rf5 41. Nf3 Qh5+ 42. Kg2 Kf8 43. Kf2 1-0


[Site "https://www.chess.com"]

[Event "Titled Tuesday Blitz May 11 2021"]
[White "Chigaev, Maksim"]
[Black "Bon, Michael"]
[WhiteFideId "4108116"]
[BlackFideId "620696"]
[WhiteElo "2646"]
[BlackElo "2448"]
[Result "1/2-1/2"]
[Round "01"]
[TimeControl "180+1"]
[Date "2021.05.11"]
[WhiteClock "0:00:28"]
[BlackClock "0:00:09"]

1. c4 Nc6 2. Nc3 e5 3. g3 f5 4. Bg2 Nf6 5. d3 Bc5 6. Nf3 d6 7. a3 a6 8. b4 Ba7 9. O-O O-O 10. e3 h6 11. Bb2 Be6 12. Rc1 Qe8 13. Nd2 f4 14. Qe2 Bg4 15. Qe1 Qh5 16. Nd5 f3 17. Bh1 Nxd5 18. cxd5 Ne7 19. Rxc7 Nxd5 20. Rxb7 Bh3 21. Nc4 Bxf1 22. Qxf1 Nxe3 23. fxe3 f2+ 24. Kg2 Qf3+ 25. Kh3 Qh5+ 26. Kg2 Qf3+ 27. Kh3 Qh5+ 28. Kg2 1/2-1/2


[Site "https://www.chess.com"]

[Event "Titled Tuesday Blitz May 11 2021"]
[White "Chitlange Sakshi"]
[Black "Paichadze, Luka"]
[WhiteFideId "35002899"]
[BlackFideId "13602934"]
[WhiteElo "1787"]
[BlackElo "2537"]
[Result "0-1"]
[Round "01"]
[TimeControl "180+1"]
[Date "2021.05.11"]
[WhiteClock "0:02:29"]
[BlackClock "0:02:23"]

1. d4 Nf6 2. c4 e6 3. Nf3 Bb4+ 4. Bd2 c5 5. a3 Bxd2+ 6. Qxd2 d6 7. Nc3 O-O 8. g3 Nc6 9. Bg2 e5 10. d5 Nd4 11. O-O-O Nb3+ 0-1


[Site "https://www.chess.com"]

[Event "Titled Tuesday Blitz May 11 2021"]
[White "Dang, Hoang Son"]
[Black "Vaidya, Atulya"]
[WhiteFideId "12402435"]
[BlackFideId "2047713"]
[WhiteElo "2248"]
[BlackElo "2404"]
[Result "1-0"]
[Round "01"]
[TimeControl "180+1"]
[Date "2021.05.11"]
[WhiteClock "0:00:33"]
[BlackClock "0:00:09"]

1. e4 c6 2. d4 d5 3. e5 Bf5 4. g4 Bd7 5. f4 e6 6. Nf3 Ne7 7. Bd3 c5 8. c3 Nbc6 9. Be3 cxd4 10. cxd4 Rc8 11. Nc3 a6 12. Qd2 b5 13. O-O h5 14. h3 hxg4 15. hxg4 g6 16. Kg2 Bg7 17. Rh1 b4 18. Ne2 f5 19. exf6 Bxf6 20. Rxh8+ Bxh8 21. Rh1 Bg7 22. Ne5 Nxe5 23. fxe5 Bb5 24. Rh7 Bxd3 25. Qxd3 Kf8 26. Bh6 Bxh6 27. Rh8+ Ng8 28. Qxg6 Bg7 29. Qxe6 Bxh8 30. Nf4 Ne7 31. Qh6+ Bg7 32. Ne6+ Ke8 33. Qh5+ Kd7 34. Nxd8 Rxd8 35. Qf7 Bf8 36. g5 Kc6 37. g6 Kd7 38. Qf6 Bh6 39. Qd6+ Ke8 40. Qxa6 Rc8 41. Kh3 Rc2 42. Qa4+ Rc6 43. Qxb4 Rxg6 44. a4 Bf4 45. Qb8+ Kf7 46. Qc7 Kf8 47. Qd8+ Kf7 48. Qd7 Kf8 49. a5 Rg3+ 50. Kh2 Rb3+ 51. Kh1 Rxb2 52. a6 Ra2 53. a7 Kf7 54. Qb7 Rh2+ 55. Kg1 Ke6 56. a8=Q Nf5 57. Qg8# 1-0


[Site "https://www.chess.com"]

[Event "Titled Tuesday Blitz May 11 2021"]
[White "Davtyan, David Arm."]
[Black "Shimanov, Aleksandr"]
[WhiteFideId "13310046"]
[BlackFideId "4198603"]
[WhiteElo "2028"]
[BlackElo "2596"]
[Result "0-1"]
[Round "01"]
[TimeControl "180+1"]
[Date "2021.05.11"]
[WhiteClock "0:00:05"]
[BlackClock "0:00:30"]

1. e4 e6 2. d4 d5 3. Bd3 dxe4 4. Bxe4 Nf6 5. Bf3 c5 6. Ne2 Nc6 7. Be3 e5 8. Bxc6+ bxc6 9. dxe5 Qxd1+ 10. Kxd1 Ng4 11. h3 Nxe3+ 12. fxe3 Bf5 13. Nd2 O-O-O 14. Ng3 Bg6 15. e4 Be7 16. Ke2 Rhe8 17. Nf3 Rd7 18. c4 Bd8 19. Rad1 Bc7 20. Rxd7 Kxd7 21. Rd1+ Ke6 22. b3 a5 23. Ke3 f6 24. Ne2 fxe5 25. Nc3 Bd8 26. Na4 Be7 27. Ne1 Bg5+ 28. Ke2 Bxe4 29. Nxc5+ Kf5 30. g4+ Kf4 31. Rd7 Bg6 32. Ned3+ Kg3 33. Nf2 e4 34. Rxg7 e3 35. Nfd3 Kxh3 36. Rc7 Kxg4 37. Rxc6 Bh5 38. Rc7 Kh3+ 39. Ke1 Bh4+ 40. Kf1 e2+ 41. Kg1 e1=Q+ 0-1


[Site "https://www.chess.com"]

[Event "Titled Tuesday Blitz May 11 2021"]
[White "Deepan Chakkravarthy J."]
[Black "Omariev, Maksim"]
[WhiteFideId "5011132"]
[BlackFideId "4193423"]
[WhiteElo "2490"]
[BlackElo "2384"]
[Result "1-0"]
[Round "01"]
[TimeControl "180+1"]
[Date "2021.05.11"]
[WhiteClock "0:01:00"]
[BlackClock "0:00:01"]

1. Nf3 d5 2. g3 c6 3. Bg2 Nf6 4. O-O Bf5 5. d3 e6 6. Nbd2 Be7 7. Qe1 h6 8. e4 Bh7 9. Qe2 O-O 10. Re1 a5 11. e5 Nfd7 12. Nf1 b5 13. h4 c5 14. N1h2 Nc6 15. h5 Kh8 16. Ng4 f5 17. exf6 Nxf6 18. Nge5 Nxe5 19. Nxe5 Qe8 20. g4 Ra6 21. f4 d4 22. Bd2 Bd6 23. Bf3 Bb8 24. Kg2 Nd7 25. Bc6 Bxe5 26. Bxd7 Qxd7 27. Qxe5 c4 28. Rac1 a4 29. Bb4 Rc8 30. Kg3 Bg8 31. Re4 Qb7 32. Rxd4 cxd3 33. Rxd3 Rac6 34. c3 Rc4 35. Re1 Bh7 36. Rd2 R8c6 37. Rd8+ Bg8 38. g5 Rc8 39. Rxc8 Rxc8 40. gxh6 Rd8 41. Bd6 Qd7 42. Kh4 Kh7 43. Rg1 gxh6 44. Bc5 Qf7 45. Bd4 Qf5 1-0


[Site "https://www.chess.com"]

[Event "Titled Tuesday Blitz May 11 2021"]
[White "Delgadillo, Adonay"]
[Black "Sapunov, Evgeny"]
[WhiteFideId "3301915"]
[BlackFideId "4126661"]
[WhiteElo "2103"]
[BlackElo "2470"]
[Result "0-1"]
[Round "01"]
[TimeControl "180+1"]
[Date "2021.05.11"]
[WhiteClock "0:01:38"]
[BlackClock "0:02:46"]

1. e4 c5 2. Nf3 d6 3. d4 cxd4 4. Nxd4 Nf6 5. Nc3 Nc6 6. Bg5 e6 7. Qd2 a6 8. O-O-O h6 9. Bh4 Nxe4 10. Qf4 Ng5 11. Nxc6 bxc6 12. Ne4 d5 13. Nxg5 hxg5 14. Bxg5 f6 15. Bd3 fxg5 16. Bg6+ Kd7 17. Rxd5+ cxd5 18. Qa4+ Ke7 0-1


[Site "https://www.chess.com"]

[Event "Titled Tuesday Blitz May 11 2021"]
[White "Diaz Camallonga, Carles"]
[Black "Kim, Sergey"]
[WhiteFideId "22235256"]
[BlackFideId "13700570"]
[WhiteElo "2438"]
[BlackElo "2406"]
[Result "1-0"]
[Round "01"]
[TimeControl "180+1"]
[Date "2021.05.11"]
[WhiteClock "0:01:07"]
[BlackClock "0:01:23"]

1. e4 e5 2. Nf3 Nc6 3. Bb5 a6 4. Ba4 Nf6 5. d3 b5 6. Bb3 Bc5 7. Nc3 d6 8. Nd5 h6 9. c3 O-O 10. O-O Bg4 11. h3 Bh5 12. Nxf6+ Qxf6 13. g4 Bg6 14. Bd5 Na7 15. g5 Qe7 16. Nh4 Kh7 17. Bxa8 Rxa8 18. Qg4 h5 19. Qg3 Nc6 20. Be3 Qe6 21. b4 Bb6 22. a4 bxa4 23. Rxa4 Qb3 24. Raa1 Qxc3 25. Bxb6 cxb6 26. Rac1 Qxb4 27. Rxc6 a5 28. f4 exf4 29. Qxf4 a4 30. Nxg6 fxg6 31. Qxd6 1-0


[Site "https://www.chess.com"]

[Event "Titled Tuesday Blitz May 11 2021"]
[White "DieHardCuban"]
[Black "Saraci, Nderim"]
[BlackFideId "6351921"]
[WhiteElo "2418"]
[BlackElo "2486"]
[Result "0-1"]
[Round "01"]
[TimeControl "180+1"]
[Date "2021.05.11"]
[WhiteClock "0:00:05"]
[BlackClock "0:00:17"]

1. d4 Nf6 2. c4 e6 3. Nc3 d5 4. cxd5 exd5 5. Bg5 c6 6. e3 Be7 7. Bd3 O-O 8. Qc2 Nbd7 9. Nge2 Re8 10. O-O Nf8 11. h3 Nh5 12. Bxe7 Qxe7 13. Rab1 a5 14. a3 Nf6 15. b4 Be6 16. b5 Qxa3 17. Na4 Qd6 18. Nc5 Rab8 19. bxc6 bxc6 20. Qa4 Ra8 21. Rb6 Rec8 22. Ba6 Rc7 23. Bb7 N8d7 24. Rxc6 Rxc6 25. Bxc6 Ra7 26. Rb1 g6 27. Nxe6 fxe6 28. Nf4 Kf7 29. Nd3 Kg7 30. f3 Nb8 31. Bb5 Nbd7 32. Bc6 Qc7 33. Rc1 Nb6 34. Qb5 Nc4 35. Rxc4 dxc4 36. Qxc4 Qd6 37. e4 Rc7 38. d5 exd5 39. exd5 Nxd5 40. Qxd5 Qxc6 41. Qe5+ Kg8 42. Nf4 Qc5+ 43. Qxc5 Rxc5 0-1


[Site "https://www.chess.com"]

[Event "Titled Tuesday Blitz May 11 2021"]
[White "Dimic, Pavle"]
[Black "Kollars, Dmitrij"]
[WhiteFideId "937428"]
[BlackFideId "12909572"]
[WhiteElo "2216"]
[BlackElo "2576"]
[Result "0-1"]
[Round "01"]
[TimeControl "180+1"]
[Date "2021.05.11"]
[WhiteClock "0:00:47"]
[BlackClock "0:01:51"]

1. d4 Nf6 2. Nf3 g6 3. c4 Bg7 4. g3 O-O 5. Bg2 d5 6. cxd5 Nxd5 7. O-O Nc6 8. Nc3 e5 9. Nxd5 e4 10. Nd2 Qxd5 11. Nxe4 Qxd4 12. Nc3 Be6 13. Be3 Qb4 14. Na4 Rfd8 15. Qc2 Bd5 16. Bc5 Qb5 17. e4 Bc4 18. Rfd1 Rxd1+ 19. Rxd1 Bxa2 20. Bf1 Qb3 21. Bd3 Ne5 0-1


[Site "https://www.chess.com"]

[Event "Titled Tuesday Blitz May 11 2021"]
[White "Dobrov, Vladimir"]
[Black "Shuvalov, Evgenij"]
[WhiteFideId "4136594"]
[BlackFideId "4187237"]
[WhiteElo "2614"]
[BlackElo "2163"]
[Result "1-0"]
[Round "01"]
[TimeControl "180+1"]
[Date "2021.05.11"]
[WhiteClock "0:00:54"]
[BlackClock "0:00:45"]

1. d4 d5 2. c4 c6 3. Nf3 Nf6 4. Nbd2 Bf5 5. Nh4 Bc8 6. e3 e6 7. Bd3 Nbd7 8. O-O Bd6 9. Nhf3 O-O 10. e4 dxe4 11. Nxe4 Nxe4 12. Bxe4 h6 13. Bc2 c5 14. Be3 Qc7 15. Qd3 Nf6 16. Rad1 Bd7 17. b4 b6 18. dxc5 bxc5 19. Qxd6 Qxd6 20. Rxd6 cxb4 21. Rfd1 Rfc8 22. Bb3 Bc6 23. Ne5 Be8 24. f3 a5 25. c5 a4 26. Bc4 Kf8 27. c6 Ke7 28. Bc5 Kf8 29. Bxb4 Kg8 30. a3 1-0


[Site "https://www.chess.com"]

[Event "Titled Tuesday Blitz May 11 2021"]
[White "Dushyant Sharma"]
[Black "Idani, Pouya"]
[WhiteFideId "25065130"]
[BlackFideId "12510130"]
[WhiteElo "2019"]
[BlackElo "2610"]
[Result "0-1"]
[Round "01"]
[TimeControl "180+1"]
[Date "2021.05.11"]
[WhiteClock "0:00:03"]
[BlackClock "0:00:51"]

1. e4 c5 2. Nf3 d6 3. d4 cxd4 4. Nxd4 Nf6 5. Nc3 a6 6. f4 e5 7. Nf3 Qc7 8. Bd3 Nbd7 9. O-O b5 10. a3 Be7 11. Kh1 Bb7 12. Qe1 O-O 13. Bd2 Nc5 14. b4 Ne6 15. fxe5 dxe5 16. Nh4 g6 17. Bh6 Rfc8 18. Nf5 gxf5 19. exf5 Qxc3 20. fxe6 Qxe1 21. exf7+ Kxf7 22. Raxe1 Rg8 23. Be4 Bxe4 24. Rxe4 Ke6 25. Re2 Ng4 26. Bf4 Raf8 27. h3 Bg5 28. g3 Bxf4 29. gxf4 Nf6 30. Rxe5+ Kf7 31. a4 bxa4 32. Ra5 Rg3 33. Rxa6 Rfg8 34. Ra7+ Ke6 35. Ra6+ Kd5 36. Rd1+ Kc4 37. Rc6+ Kb5 38. Rc5+ Kxb4 39. Rd6 0-1


[Site "https://www.chess.com"]

[Event "Titled Tuesday Blitz May 11 2021"]
[White "Estrada Nieto, Julian"]
[Black "Jones, Gawain C B"]
[WhiteFideId "5101018"]
[BlackFideId "409561"]
[WhiteElo "2270"]
[BlackElo "2657"]
[Result "0-1"]
[Round "01"]
[TimeControl "180+1"]
[Date "2021.05.11"]
[WhiteClock "0:00:01"]
[BlackClock "0:00:28"]

1. e4 e5 2. Nf3 Nc6 3. Bb5 a6 4. Ba4 d6 5. Bxc6+ bxc6 6. d4 exd4 7. Nxd4 c5 8. Nf3 Bb7 9. Nc3 g6 10. Bg5 Qd7 11. O-O Bg7 12. Qd2 h6 13. Bf4 Nf6 14. Rfe1 g5 15. Bg3 Nh5 16. e5 O-O-O 17. exd6 Nxg3 18. hxg3 Qxd6 19. Qxd6 cxd6 20. Rad1 Kc7 21. Re7+ Rd7 22. Rde1 Bf6 23. Rxd7+ Kxd7 24. Nd1 Re8 25. Rxe8 Kxe8 26. Nd2 Kd7 27. c3 d5 28. f3 Ke6 29. Kf2 d4 30. g4 a5 31. c4 a4 32. b3 axb3 33. axb3 Be5 34. Nb2 f5 35. gxf5+ Kxf5 36. Nd3 Bd6 37. g4+ Kg6 38. Ne4 Bxe4 39. fxe4 h5 40. gxh5+ Kxh5 41. Kf3 g4+ 42. Kg2 Kg5 43. Nf2 Kf4 44. e5 Bxe5 45. Nd3+ Ke4 46. Nxc5+ Ke3 47. b4 Bd6 48. Na6 d3 49. c5 d2 0-1


[Site "https://www.chess.com"]

[Event "Titled Tuesday Blitz May 11 2021"]
[White "Eynullayev, Atilla"]
[Black "Sanal, Vahap"]
[WhiteFideId "13413570"]
[BlackFideId "6300545"]
[WhiteElo "1997"]
[BlackElo "2507"]
[Result "1-0"]
[Round "01"]
[TimeControl "180+1"]
[Date "2021.05.11"]
[WhiteClock "0:00:17"]
[BlackClock "0:00:21"]

1. d4 d5 2. Bf4 Bf5 3. e3 e6 4. c4 Bxb1 5. Rxb1 Bb4+ 6. Ke2 Bd6 7. Bxd6 Qxd6 8. Qa4+ Nc6 9. Nf3 Nf6 10. g3 O-O 11. Bg2 Ne4 12. Rhc1 h6 13. Qa3 Qd7 14. Ne1 f5 15. Nd3 Qf7 16. h4 Rad8 17. Qb3 Na5 18. Qa3 Nxc4 19. Qxa7 Ra8 20. Qxb7 Rfb8 21. Qc6 Rxa2 22. Rxc4 dxc4 23. Qxc4 Qh5+ 24. Ke1 Qf7 25. Qxa2 Nd6 26. Nc5 Re8 27. Bc6 Re7 28. Qa8+ Kh7 29. Nd3 Nc4 30. b3 Nb6 31. Qd8 f4 32. Ne5 Qf5 33. Rb2 Qf6 34. Be4+ g6 35. Nxg6 1-0


[Site "https://www.chess.com"]